 Dungeon Crawl Stone Soup version 0.21-b1-23-g1fb0a74 (webtiles) character file.

490 KeeTraxx the Charmwright (level 7, -2/56 HPs)
             Began as a Gnoll Skald on Jan 5, 2018.
             Slain by a sky beast (5 damage)
             ... on level 5 of the Dungeon.
             The game lasted 00:06:04 (2767 turns).

KeeTraxx the Charmwright (Gnoll Skald)              Turns: 2767, Time: 00:06:05

Health: -2/56      AC:  5    Str: 14    XL:     7   Next: 14%
Magic:  10/15      EV: 14    Int: 17    God:
Gold:   233        SH:  0    Dex: 14    Spells: 10/17 levels left

rFire    . . .     SeeInvis .   z - +2 trident (distort)
rCold    . . .     Gourm    .   (no shield)
rNeg     . . .     Faith    .   b - +0 leather armour
rPois    .         Spirit   .   n - +2 hat
rElec    .         Reflect  .   (no cloak)
rCorr    .         Harm     .   (no gloves)
MR       .....                  (no boots)
Stlth    ++........             (no amulet)
HPRegen  0.18/turn              (no ring)
MPRegen  0.14/turn              (no ring)

@: lethally poisoned (-2 -> -6), infused
A: distributed training, fangs 1, strong nose
a: no special abilities


You were on level 5 of the Dungeon.
You were not hungry.

You visited 1 branch of the dungeon, and saw 5 of its levels.

You collected 233 gold pieces.

Inventory:

Hand Weapons
 a - a +0 spear
 z - a +2 trident of distortion (weapon)
Missiles
 i - 3 javelins of penetration (quivered)
 A - a throwing net
 B - 36 sling bullets
Armour
 b - a +0 leather armour (worn)
 n - a +2 hat (worn)
Jewellery
 f - an uncursed amulet of faith {unknown}
Scrolls
 g - 2 scrolls of enchant armour {unknown}
 j - 6 scrolls of teleportation {unknown}
 k - 2 scrolls of immolation {unknown}
 m - 9 scrolls of identify {unknown}
 t - a scroll of fear {unknown}
 x - a scroll of remove curse {unknown}
 y - a scroll of fog {unknown}
Potions
 e - a potion of haste {unknown}
 h - a potion of magic {unknown}
 l - 2 potions of curing {unknown}
 o - a potion of brilliance {unknown}
 p - 4 potions of heal wounds {unknown}
 q - a potion of cancellation {unknown}
 r - a potion of might
 s - a potion of mutation {unknown}
 u - a potion of agility {unknown}
 v - a potion of invisibility {unknown}
 w - a potion of ambrosia {unknown}
Books
 c - a book of Battle

   Spells                             Type                      Level
   a - Infusion                       Charms                       1
   b - Shroud of Golubria             Charms/Translocation         2
   c - Song of Slaying                Charms                       2
   d - Spectral Weapon                Hexes/Charms                 3
   e - Regeneration                   Charms/Necromancy            3
Comestibles
 d - 5 rations


   Skills:
 + Level 5.1 Fighting
 + Level 2.2 Short Blades
 + Level 2.2 Long Blades
 + Level 2.2 Axes
 + Level 2.2 Maces & Flails
 + Level 5.1 Polearms
 + Level 2.2 Staves
 + Level 2.2 Slings
 + Level 2.2 Bows
 + Level 2.2 Crossbows
 + Level 2.2 Throwing
 + Level 3.4 Armour
 + Level 5.1 Dodging
 + Level 2.2 Stealth
 + Level 2.2 Shields
 + Level 2.2 Unarmed Combat
 + Level 5.5 Spellcasting
 + Level 1.8 Conjurations
 + Level 1.8 Hexes
 + Level 5.7 Charms
 + Level 1.8 Summonings
 + Level 1.8 Necromancy
 + Level 1.8 Translocations
 + Level 1.8 Transmutations
 + Level 1.8 Fire Magic
 + Level 1.8 Ice Magic
 + Level 1.8 Air Magic
 + Level 1.8 Earth Magic
 + Level 1.8 Poison Magic
 + Level 2.5 Invocations
 + Level 2.2 Evocations


You had 10 spell levels left.
You knew the following spells:

 Your Spells              Type           Power        Failure   Level  Hunger
a - Infusion              Chrm           ###.         1%          1    None
b - Regeneration          Chrm/Necr      ###.......   11%         3    ##.....
c - Spectral Weapon       Hex/Chrm       ###.....     11%         3    ##.....


Dungeon Overview and Level Annotations

Branches:
Dungeon (5/15)             Temple (0/1) D:5

Altars:
Ashenzari
Fedhas
Hepliaklqana
Vehumet

Annotations:
D:5 Grinder


Innate Abilities, Weirdness & Mutations

Your experience applies equally to all skills.
You have very sharp teeth.
Your uncanny sense of smell can sniff out nearby items.


Message History

Space warps horribly around Grinder!
A sky beast appears from thin air!
Reactivating autopickup.
The sky beast closely misses you. The worker ant bites you.
* * * LOW HITPOINT WARNING * * *
Grinder blinks!
You closely miss the sky beast.
You feel sick.
Your spectral weapon closely misses the sky beast.
The sky beast closely misses you. The worker ant barely misses you.
The crimson imp hits you.
* * * LOW HITPOINT WARNING * * *
Unknown command.
You closely miss the sky beast.
Your spectral weapon hits the sky beast.
Space warps horribly around the sky beast!
The worker ant bites you.
* * * LOW HITPOINT WARNING * * *
The sky beast hits you.
* * * LOW HITPOINT WARNING * * *
The sky beast shocks you.
You die...

#.####.##.#..#.#
#..............#
........#.#######
.................
...######.#######
.......(..##
......[#...##
#####..(a..#####
#..@Y.5.....
#..#5..#....
#...#.#.....
..$.. >......
...... .#....#
#......# ..#...#
#...%.. .. ...#
#.(.... ### ..
...


You could see Grinder, a sky beast, a worker ant, a crimson imp and a friendly
spectral trident of distortion.

Vanquished Creatures
  An ogre (D:4)
  A scorpion (D:4)
  A howler monkey (D:4)
  2 hounds (D:4)
  4 worker ants (D:4)
  2 adders (D:2)
  7 gnolls (D:4)
  An ooze (D:1)
  3 leopard geckos
  10 orcs
  6 giant cockroaches
  6 goblins
  3 hobgoblins (D:1)
  5 jackals
  3 kobolds (D:1)
  3 quokkas
  2 ball pythons
  7 bats
  5 frilled lizards
  A quokka skeleton (D:4)
  2 rats (D:1)
75 creatures vanquished.

Notes
Turn   | Place    | Note
-------+----------+-------------------------------------------
     0 | D:1      | KeeTraxx the Gnoll Skald began the quest for the Orb.
     0 | D:1      | Reached XP level 1. HP: 20/20 MP: 6/6
   187 | D:1      | Reached XP level 2. HP: 26/26 MP: 7/7
   595 | D:1      | Reached XP level 3. HP: 26/31 MP: 9/9
   762 | D:2      | Reached skill level 5 in Spellcasting
   771 | D:2      | Learned a level 3 spell: Regeneration
   775 | D:2      | Learned a level 3 spell: Spectral Weapon
   847 | D:2      | Reached skill level 1 in Invocations
  1226 | D:2      | Found a hazy altar of Hepliaklqana.
  1278 | D:3      | Reached skill level 1 in Short Blades
  1278 | D:3      | Reached skill level 1 in Long Blades
  1278 | D:3      | Reached skill level 1 in Axes
  1278 | D:3      | Reached skill level 1 in Maces & Flails
  1278 | D:3      | Reached skill level 1 in Staves
  1278 | D:3      | Reached skill level 1 in Slings
  1278 | D:3      | Reached skill level 1 in Bows
  1278 | D:3      | Reached skill level 1 in Crossbows
  1278 | D:3      | Reached skill level 1 in Throwing
  1278 | D:3      | Reached skill level 1 in Stealth
  1278 | D:3      | Reached skill level 1 in Shields
  1278 | D:3      | Reached skill level 1 in Unarmed Combat
  1278 | D:3      | Reached skill level 1 in Evocations
  1380 | D:3      | Reached XP level 4. HP: 27/38 MP: 8/11
  1845 | D:3      | Found a radiant altar of Vehumet.
  1845 | D:3      | Found a shattered altar of Ashenzari.
  1957 | D:4      | Reached skill level 1 in Conjurations
  1957 | D:4      | Reached skill level 1 in Hexes
  1957 | D:4      | Reached skill level 1 in Summonings
  1957 | D:4      | Reached skill level 1 in Necromancy
  1957 | D:4      | Reached skill level 1 in Translocations
  1957 | D:4      | Reached skill level 1 in Transmutations
  1957 | D:4      | Reached skill level 1 in Fire Magic
  1957 | D:4      | Reached skill level 1 in Ice Magic
  1957 | D:4      | Reached skill level 1 in Air Magic
  1957 | D:4      | Reached skill level 1 in Earth Magic
  1957 | D:4      | Reached skill level 1 in Poison Magic
  1957 | D:4      | Reached XP level 5. HP: 41/43 MP: 9/12
  2137 | D:4      | Reached XP level 6. HP: 44/50 MP: 9/13
  2188 | D:4      | Reached skill level 5 in Fighting
  2188 | D:4      | Reached skill level 5 in Polearms
  2188 | D:4      | Reached skill level 5 in Dodging
  2208 | D:4      | Reached XP level 7. HP: 56/56 MP: 4/15
  2564 | D:4      | Found a blossoming altar of Fedhas.
  2658 | D:5      | Entered Level 5 of the Dungeon
  2747 | D:5      | Found a staircase to the Ecumenical Temple.
  2749 | D:5      | Noticed Grinder
  2767 | D:5      | Slain by a sky beast

Skill      XL: |  1  2  3  4  5  6 |
---------------+-------------------+-----
Spellcasting   | 5 |  5.5
Invocations    | 1 2 |  2.5
Short Blades   | 1 2 |  2.2
Long Blades    | 1 2 |  2.2
Axes           | 1 2 |  2.2
Maces & Flails | 1 2 |  2.2
Staves         | 1 2 |  2.2
Slings         | 1 2 |  2.2
Bows           | 1 2 |  2.2
Crossbows      | 1 2 |  2.2
Throwing       | 1 2 |  2.2
Stealth        | 1 2 |  2.2
Shields        | 1 2 |  2.2
Unarmed Combat | 1 2 |  2.2
Evocations     | 1 2 |  2.2
Conjurations   | 1 |  1.8
Hexes          | 1 |  1.8
Summonings     | 1 |  1.8
Necromancy     | 1 |  1.8
Translocations | 1 |  1.8
Transmutations | 1 |  1.8
Fire Magic     | 1 |  1.8
Ice Magic      | 1 |  1.8
Air Magic      | 1 |  1.8
Earth Magic    | 1 |  1.8
Poison Magic   | 1 |  1.8
Armour         | 3 |  3.4
Fighting       | 5 |  5.1
Polearms       | 5 |  5.1
Dodging        | 5 |  5.1
Charms         | |  5.7

Action                   |  1- 3 |  4- 6 |  7- 9 || total
-------------------------+-------+-------+-------++-------
Melee: Spear             |   126 |    35 |       ||   161
       Bite              |    10 |     5 |       ||    15
       Trident           |       |    34 |    23 ||    57
 Cast: Infusion          |     4 |     2 |     2 ||     8
       Spectral Weapon   |     3 |     6 |     2 ||    11
       Regeneration      |       |     3 |       ||     3
 Stab: Sleeping          |     2 |     1 |       ||     3
  Eat: Chunk             |     2 |     3 |     2 ||     7
Armor: Leather armour    |    27 |     7 |     2 ||    36
Dodge: Dodged            |    64 |    32 |    11 ||   107
